 Dungeon Crawl Stone Soup version 0.22-a0-551-g3b2bdd4ba6 (webtiles) character file.

377 Kholdaimon the Chopper (level 6, -7/53 HPs)
             Began as a Minotaur Fighter on June 25, 2018.
             Mangled by an ogre
             ... wielding a +0 giant spiked club
              (29 damage)
             ... on level 3 of the Dungeon.
             The game lasted 00:13:18 (2280 turns).

Kholdaimon the Chopper (Minotaur Fighter)           Turns: 2280, Time: 00:13:19

Health: -7/53      AC:  7    Str: 21    XL:     6   Next: 45%
Magic:  5/5        EV:  7    Int:  7    God:
Gold:   171        SH:  9    Dex:  9    Spells: 5/5 levels left

rFire    . . .     SeeInvis .   a - +0 war axe
rCold    . . .     Gourm    .   c - +0 shield
rNeg     . . .     Faith    .   b - +0 scale mail
rPois    .         Spirit   .   (helmet restricted)
rElec    .         Reflect  .   (no cloak)
rCorr    .         Harm     .   (no gloves)
MR       .....                  (no boots)
Stlth    ..........             (no amulet)
HPRegen  0.17/turn              u - ring of wizardry
MPRegen  0.09/turn              (no ring)

@: drained
A: retaliatory headbutt, horns 2
a: no special abilities


You were on level 3 of the Dungeon.
You were not hungry.

You visited 1 branch of the dungeon, and saw 3 of its levels.

You collected 171 gold pieces.

Inventory:

Hand Weapons
 a - a +0 war axe (weapon)
 v - a +0 hunting sling
Missiles
 e - 6 stones (quivered)
 i - 7 javelins
 o - 6 tomahawks
 r - 30 poisoned needles
Armour
 b - a +0 scale mail (worn)
 c - a +0 shield (worn)
Jewellery
 s - an uncursed amulet of harm {unknown}
 u - a ring of wizardry (left hand)
Scrolls
 h - 2 scrolls of identify
 j - a scroll of random uselessness {unknown}
 n - a scroll of fear {unknown}
 p - 2 scrolls of remove curse
 q - 2 scrolls of amnesia {unknown}
 t - 2 scrolls of immolation {unknown}
 w - a scroll of teleportation {unknown}
Potions
 d - a potion of might
 k - a potion of flight
 l - 2 potions of curing
 m - a potion of haste
 x - a potion of brilliance {unknown}
 z - a potion of heal wounds {unknown}
Comestibles
 f - 4 rations
 g - 6 chunks of flesh


   Skills:
 + Level 4.7(4.5) Fighting
 * Level 6.1(6.0) Axes
 + Level 4.7(4.6) Armour
 * Level 5.0(4.9) Shields


You had 5 spell levels left.
You didn't know any spells.
Your spell library was empty.

Dungeon Overview and Level Annotations

Branches:
Dungeon (3/15)

Altars:
Ru

Annotations:
D:3 1 runed door


Innate Abilities, Weirdness & Mutations

You reflexively headbutt those who attack you in melee.
You have a pair of horns on your head.


Message History

An ogre comes into view. It is wielding a giant spiked club.
The ogre shouts!
The ogre hits you with a giant spiked club!
You barely miss the ogre. Your headbutt misses the ogre.
You block the ogre's attack.
You barely miss the ogre. You headbutt the ogre!
The ogre is moderately wounded.
The ogre hits you with a giant spiked club!
You are too injured to fight recklessly!
You are too injured to fight recklessly!
You are too injured to fight recklessly!
You are too injured to fight recklessly!
You hit the ogre.
The ogre is moderately wounded.
The ogre hits you with a giant spiked club.
You slash the ogre!
The ogre is severely wounded.
The ogre hits you with a giant spiked club!!
Ouch! That really hurt!
You die...

#...## #.# ### #.# #.# ##. #...#.
#.####.## #.# #.# #.
#...#...##....<..# #.# #.# #.
...........####.####.####.## #.
[.............#.###...##...#####.
.........................#....
...........#.###...##....#.##.
##.........#.####.####.#.#.##.
#...........@O.#.# #.....##.
#.........#(##.#.# ###.####.
##........#.# #.######.####.
##.## #.# #............. # #.#
#).......##### ... #.######## #.#
#.# ### .. #.# #.. #.# #.#


You could see an ogre.

Vanquished Creatures
  Sigmund (D:2)
  Natasha (thrice) (D:2)
  5 adders (D:2)
  3 oozes
  3 worms (D:2)
  3 dart slugs
  2 leopard geckos
  An orc (D:3)
  4 ball pythons
  2 giant cockroaches
  7 goblins
  5 hobgoblins
  7 jackals
  7 bats
  4 frilled lizards
  8 kobolds
  9 rats
74 creatures vanquished.

Notes
Turn   | Place    | Note
-------+----------+-------------------------------------------
     0 | D:1      | Kholdaimon the Minotaur Fighter began the quest for the Orb.
     0 | D:1      | Reached XP level 1. HP: 19/19 MP: 0/0
   103 | D:1      | Reached XP level 2. HP: 22/27 MP: 1/1
   351 | D:1      | Reached XP level 3. HP: 33/33 MP: 2/2
   424 | D:1      | Reached skill level 3 in Axes
   671 | D:2      | Noticed Natasha
   678 | D:2      | Killed Natasha
   678 | D:2      | Reached XP level 4. HP: 37/40 MP: 3/3
   689 | D:2      | Noticed Sigmund
   702 | D:2      | Killed Sigmund
   702 | D:2      | Reached skill level 5 in Axes
   702 | D:2      | Reached XP level 5. HP: 45/47 MP: 4/4
   905 | D:2      | Found a sacrificial altar of Ru.
  1064 | D:2      | Reached XP level 6. HP: 47/53 MP: 5/5
  1232 | D:2      | Noticed Natasha
  1240 | D:2      | Killed Natasha
  1379 | D:2      | Noticed Natasha
  1388 | D:2      | Killed Natasha
  1388 | D:2      | Reached skill level 6 in Axes
  1785 | D:3      | Found a faded altar of an unknown god.
  1865 | D:3      | Reached skill level 5 in Shields
  1913 | D:3      | Found a runed door.
  2280 | D:3      | Mangled by an ogre

Vault maps used:
D:1:      roderic_dead_forest
D:2:      nicolae_ru_path_of_blood, uniq_sigmund, uniq_natasha
D:3:      chequers_ecumenical_altar_grove, first_ration, uniq_crazy_yiuf_cottage

Skill      XL: |  1  2  3  4  5  6 |
---------------+-------------------+-----
Fighting       | 4 |  4.7
Armour         | 4 |  4.7
Shields        | 4 5 |  5.0
Axes           | 3 5 6 |  6.1

Action                   |  1- 3 |  4- 6 || total
-------------------------+-------+-------++-------
Melee: War axe           |    63 |   126 ||   189
       Headbutt          |     7 |    11 ||    18
Throw: Stone             |     4 |       ||     4
  Use: Scroll            |       |     3 ||     3
  Eat: Chunk             |       |     5 ||     5
Armor: Scale mail        |    30 |    44 ||    74
Dodge: Dodged            |    23 |    37 ||    60
Block: Shield            |    27 |    59 ||    86

Table legend:
 A = Spawn XP
 B = Non-spawn XP
 C = Spawn XP percentage of total XP
 D = Spawn monster count
 E = Non-spawn monster count
 F = Spawn count percentage of total count
 G = Total turns spent on level
                    A         B        C        D         E        F      G
               +---------+---------+-------+---------+---------+-------+---------
         Total |       0 |     539 |   0.0 |       0 |      74 |   0.0 |  2280
               +---------+---------+-------+---------+---------+-------+---------
           D:1 |       0 |      52 |   0.0 |       0 |      27 |   0.0 |   563
           D:2 |       0 |     440 |   0.0 |       0 |      26 |   0.0 |  1223
           D:3 |       0 |      47 |   0.0 |       0 |      21 |   0.0 |   494
               +---------+---------+-------+---------+---------+-------+---------
